 Dungeon Crawl Stone Soup version 0.20-a0-309-gcba9277 (webtiles) character file.

252 xodi the Chopper (level 6, -7/56 HPs)
             Began as a Hill Orc Monk on Dec 18, 2016.
             Was a Believer of Beogh.
             Mangled by a gnoll
             ... wielding a +0 flail
              (11 damage)
             ... on level 3 of the Dungeon.
             The game lasted 00:15:05 (5415 turns).

xodi the Chopper (Hill Orc Monk)                    Turns: 5415, Time: 00:15:06

Health: -7/56      AC:  7    Str: 16    XL:     6   Next: 14%
Magic:  0/6        EV:  6    Int: 10    God:    Beogh [**....]
Gold:   202        SH: 11    Dex: 13    Spells: 5/5 levels left

rFire  + . .     SeeInvis .     a - +0 hand axe
rCold  . . .     Gourm    .     n - +0 ring mail
rNeg   . . .     Faith    .     A - +0 large shield
rPois  .         Spirit   +     l - +0 helmet
rElec  .         Reflect  .     (no cloak)
rCorr  .         Harm     .     (no gloves)
MR     +....                    (no boots)
Stlth  +.........               h - amulet of guardian spirit
                                y - ring of protection from fire
                                w - ring of protection from magic

@: no status effects
A: no striking features
a: Smiting, Renounce Religion


You were on level 3 of the Dungeon.
You worshipped Beogh.
Beogh was pleased with you.
You were not hungry.

You visited 1 branch of the dungeon, and saw 4 of its levels.

You collected 202 gold pieces.

Inventory:

Hand Weapons
 a - a +0 hand axe (weapon)
Armour
 b - a +0 robe
 l - a +0 helmet (worn)
 n - a +0 ring mail (worn)
 A - a +0 large shield (worn)
Jewellery
 h - an amulet of guardian spirit (around neck)
 w - a ring of protection from magic (left hand)
 y - a ring of protection from fire (right hand)
Wands
 s - a wand of acid (6/15)
Scrolls
 d - 2 scrolls of enchant armour {unknown}
 e - 2 scrolls of amnesia {unknown}
 g - 4 scrolls of enchant weapon {unknown}
 i - 2 scrolls of immolation {unknown}
 m - 5 scrolls of identify {unknown}
 q - a scroll of magic mapping {unknown}
 r - a scroll of recharging {unknown}
 t - 2 scrolls of remove curse {unknown}
 v - a scroll of random uselessness {unknown}
 x - 2 scrolls of teleportation {unknown}
 B - a scroll of fear {unknown}
Potions
 f - 2 potions of curing
 j - 2 potions of brilliance {unknown}
 k - 2 potions of haste {unknown}
 o - 2 potions of beneficial mutation {unknown}
 p - a potion of resistance {unknown}
 u - a potion of ambrosia {unknown}
 z - a potion of heal wounds {unknown}
Comestibles
 c - a bread ration
 C - a meat ration
 D - a beef jerky


   Skills:
 * Level 5.0 Fighting
 * Level 6.1 Axes
 * Level 3.8 Armour
 - Level 2.4 Dodging
 - Level 1.5 Stealth


You had 5 spell levels left.
You didn't know any spells.

Dungeon Overview and Level Annotations

Branches:
Dungeon (4/15)
 Temple: D:4-7

Altars:
Dithmenos

Shops:
D:4 [[

Annotations:
D:3 Natasha
D:4 GROTHOLEMUEL's ghost, amateur MiGl


Message History

You block the gnoll's attack. The gnoll hits you with a flail.
* * * LOW HITPOINT WARNING * * *
You block the gnoll's attack. You block the gnoll's attack.
You block the gnoll's attack. The gnoll hits you with a flail.
* * * LOW HITPOINT WARNING * * *
You block the gnoll's attack.
Natasha, Servant of Life and Death comes into view.
Natasha hisses angrily.
Natasha stares at you and mumbles some strange words.
The magic dart hits you!
* * * LOW HITPOINT WARNING * * *
The hippogriff bites you but does no damage.
The hippogriff pecks you but does no damage.
The hippogriff claws you!
* * * LOW HITPOINT WARNING * * *
The gnoll hits you with a flail!
You die...

##....#########...#
##............'...#
#....#########...#
####'#............#
........######....#
..........o.<#.#h## ########
.........#####.#.####......#
####.#.#.......#...........#
.....#.#########@gg........#
................gHg........#
######.########............#
#.# #.....(......# #.#
#............# #.#
#.......###### #.# #.......#
#.# #.......# #.# #########


You could see a hippogriff, Natasha and 4 gnolls.

Vanquished Creatures
  Natasha (twice) (D:3)
  Robin (D:2)
  An adder (D:2)
  12 gnolls
  2 oozes
  2 dart slugs (D:2)
  A leopard gecko (D:2)
  3 orcs
  3 bats
  2 giant cockroaches
  9 goblins
  4 hobgoblins
  2 quokkas (D:2)
  A ball python (D:1)
  3 frilled lizards
  6 kobolds
  5 rats
59 creatures vanquished.

Vanquished Creatures (others)
  An orc priest (D:4)
  2 orcs (D:4)
  A quokka skeleton (D:4)
4 creatures vanquished.

Grand Total: 63 creatures vanquished

Notes
Turn   | Place    | Note
-------+----------+-------------------------------------------
     0 | D:1      | xodi the Hill Orc Monk began the quest for the Orb.
     0 | D:1      | Reached XP level 1. HP: 19/19 MP: 1/1
   213 | D:1      | Reached XP level 2. HP: 21/27 MP: 2/2
  1105 | D:1      | Reached skill level 1 in Armour
  1105 | D:1      | Reached XP level 3. HP: 18/33 MP: 1/3
  1475 | D:2      | Reached skill level 5 in Axes
  2076 | D:2      | Noticed Robin
  2085 | D:2      | Killed Robin
  2085 | D:2      | Reached XP level 4. HP: 29/41 MP: 2/4
  2563 | D:2      | Reached XP level 5. HP: 29/47 MP: 2/5
  3491 | D:3      | Noticed Natasha
  3505 | D:3      | Killed Natasha
  3505 | D:3      | Reached skill level 5 in Fighting
  3505 | D:3      | Reached skill level 6 in Axes
  3999 | D:3      | Noticed Natasha
  4221 | D:3      | Killed Natasha
  4221 | D:3      | Reached XP level 6. HP: 32/56 MP: 2/6
  4651 | D:4      | Became a worshipper of Beogh the Brigand
  4651 | D:4      | Reached * piety under Beogh
  4651 | D:4      | Reached ** piety under Beogh
  4652 | D:4      | Found Risup's Armour Emporium.
  4690 | D:4      | Noticed GROTHOLEMUEL's ghost (amateur MiGl)
  5121 | D:4      | Found Waanes's Antique Armour Boutique.
  5189 | D:4      | Found a shadowy altar of Dithmenos.
  5206 | D:4      | Noticed a hippogriff
  5414 | D:3      | Noticed Natasha
  5415 | D:3      | Mangled by a gnoll

Vault maps used:
D:1:      ncdulo_wetmaze, grunt_decor_arrowhead
D:2:      uniq_robin
D:3:      uniq_natasha
D:4:      serial_shops, nicolae_shop_overgrown_old_shop,
          nicolae_shop_waterfront, nicolae_dithmenos_through_a_glass_darkly

Skill      XL: |  1  2  3  4  5 |
---------------+----------------+-----
Fighting       | 4 5 |  5.0
Armour         | 1 2 3 |  3.8
Axes           | 5 6 |  6.1
Dodging        | |  2.4
Stealth        | |  1.5

Action                   |  1- 3 |  4- 6 || total
-------------------------+-------+-------++-------
Melee: Hand axe          |   116 |   227 ||   343
Invok: Convert to Beogh  |       |     1 ||     1
Evoke: Wand              |       |     2 ||     2
  Use: Potion            |       |     1 ||     1
 Stab: Sleeping          |     2 |     2 ||     4
  Eat: Chunk             |     3 |     8 ||    11
       Bread ration      |       |     1 ||     1
Armor: Robe              |     1 |       ||     1
       Ring mail         |    54 |    91 ||   145
Dodge: Dodged            |   101 |   145 ||   246
Block: Large shield      |       |    18 ||    18
